TOP OF THE 1ST |
Tri-City Dust Devils batting - Pitching for Brooklyn Cyclones : RHP Antonio Reyes
|
Pitching: RHP Antonio Reyes
|
|
Batting: SHB Cesar Arteaga
|
0-0: Ball 1-0: Ball 2-0: Ball 3-0: Called Strike 3-1: Ground out U3 (Groundball, 3, EV 89.4 MPH)
|
Batting: RHB Hector Fernandez
|
0-0: Foul Ball, location: 2F 0-1: Foul Ball, location: 2F 0-2: Ball 1-2: Ground out 6-3 (Groundball, 56D, EV 81.2 MPH)
|
Batting: LHB Justin Rankin
|
0-0: Swinging Strike 0-1: SINGLE (Line Drive, 9S, EV 95.6 MPH)
|
Batting: RHB Deshawn Boseman
|
0-0: Called Strike Justin Rankin is caught stealing 2nd base 2-4
|
Top of the 1st over - 0 runs, 1 hit, 0 errors, 0 left on base; Tri-City 0 - Brooklyn 0 |
BOTTOM OF THE 1ST |
Brooklyn Cyclones batting - Pitching for Tri-City Dust Devils : RHP Roger Watkins
|
Pitching: RHP Roger Watkins
|
|
Batting: SHB Callum Lynch
|
0-0: Ball 1-0: Called Strike 1-1: Ground out U3 (Groundball, 3, EV 85.0 MPH)
|
Batting: LHB Elmo Dreier
|
0-0: Called Strike 0-1: Swinging Strike 0-2: SINGLE (Groundball, 4M, EV 95.6 MPH) (infield hit)
|
Batting: RHB Bill Crogan
|
Balk! Elmo Dreier to second 0-0: Called Strike 0-1: Foul Ball, location: 2F 0-2: Ball 1-2: Strikes out swinging
|
Batting: RHB Rich Cracchiolo
|
0-0: Ball 1-0: Foul Ball, location: 2F 1-1: Ball 2-1: Called Strike 2-2: Ground out U3 (Groundball, 34S, EV 78.8 MPH)
|
Bottom of the 1st over - 0 runs, 1 hit, 0 errors, 1 left on base; Tri-City 0 - Brooklyn 0 |
TOP OF THE 2ND |
Tri-City Dust Devils batting - Pitching for Brooklyn Cyclones : RHP Antonio Reyes
|
Batting: RHB Deshawn Boseman
|
0-0: Foul Ball, location: 2F 0-1: Fly out, F7 (Line Drive, 78M, EV 84.4 MPH)
|
Batting: RHB Andy Solorzano
|
0-0: Called Strike 0-1: Swinging Strike 0-2: Foul Ball, location: 2F 0-2: Ball 1-2: Fly out, F7 (Flyball, 78M, EV 90.0 MPH)
|
Batting: SHB Blake Abbott
|
0-0: Ball 1-0: Ground out U3 (Groundball, 3, EV 106.2 MPH)
|
Top of the 2nd over - 0 runs, 0 hits, 0 errors, 0 left on base; Tri-City 0 - Brooklyn 0 |
BOTTOM OF THE 2ND |
Brooklyn Cyclones batting - Pitching for Tri-City Dust Devils : RHP Roger Watkins
|
Batting: RHB Matt Tittle
|
0-0: Ground out U3 (Groundball, 3S, EV 92.5 MPH)
|
Batting: RHB Victor Reyes
|
0-0: Called Strike 0-1: Ball 1-1: Called Strike 1-2: Ball 2-2: Strikes out swinging wild pitch, reaches first!
|
Batting: SHB Salvador Gomez
|
0-0: Foul Ball, location: 2F 0-1: Called Strike 0-2: Strikes out swinging
|
Batting: RHB Chris Pynn
|
Pickoff Throw to First - Out! 1-3
|
Bottom of the 2nd over - 0 runs, 0 hits, 0 errors, 0 left on base; Tri-City 0 - Brooklyn 0 |
TOP OF THE 3RD |
Tri-City Dust Devils batting - Pitching for Brooklyn Cyclones : RHP Antonio Reyes
|
Batting: LHB Paul Collins
|
0-0: Called Strike 0-1: Foul Ball, location: 2F 0-2: Ball 1-2: Strikes out swinging
|
Batting: LHB Ryan Anderson
|
0-0: Ball 1-0: Ball 2-0: Ball 3-0: Base on Balls
|
Batting: RHB Pleun Smit
|
0-0: Ball 1-0: Foul Ball, location: 2F 1-1: SINGLE (Line Drive, 3D, EV 108.1 MPH) Ryan Anderson to second
|
Batting: SHB Cesar Arteaga
|
0-0: Ball 1-0: Called Strike 1-1: Ball Balk! Ryan Anderson to third Pleun Smit to second 2-1: Foul Ball, location: 2F 2-2: Ground out 5-3 (Groundball, 5, EV 83.1 MPH)
|
Batting: RHB Hector Fernandez
|
0-0: Called Strike 0-1: Ground out U3 (Groundball, 3, EV 98.8 MPH)
|
Top of the 3rd over - 0 runs, 1 hit, 0 errors, 2 left on base; Tri-City 0 - Brooklyn 0 |
BOTTOM OF THE 3RD |
Brooklyn Cyclones batting - Pitching for Tri-City Dust Devils : RHP Roger Watkins
|
Batting: RHB Chris Pynn
|
0-0: SOLO HOME RUN (Flyball, 78XD, EV 106.9 MPH), Distance : 413 ft
|
Batting: RHB Tom Primmer
|
0-0: Ball 1-0: Swinging Strike 1-1: Swinging Strike 1-2: Strikes out swinging
|
Batting: SHB Callum Lynch
|
0-0: Ball 1-0: Ball 2-0: SINGLE (Groundball, 56D, EV 97.5 MPH)
|
Batting: LHB Elmo Dreier
|
0-0: Called Strike 0-1: SINGLE (Groundball, 13, EV 83.8 MPH) (infield hit) Callum Lynch to second
|
Batting: RHB Bill Crogan
|
0-0: Called Strike 0-1: Grounds into double play, 5-4-3 (Groundball, 56S, EV 88.8 MPH)
|
Bottom of the 3rd over - 1 run, 3 hits, 0 errors, 1 left on base; Tri-City 0 - Brooklyn 1 |
TOP OF THE 4TH |
Tri-City Dust Devils batting - Pitching for Brooklyn Cyclones : RHP Antonio Reyes
|
Batting: LHB Justin Rankin
|
0-0: Called Strike 0-1: Fly out, F6 (Popup, 6MD, EV 59.4 MPH)
|
Batting: RHB Deshawn Boseman
|
0-0: Ball 1-0: Ball 2-0: Ball 3-0: Called Strike 3-1: Foul Ball, location: 2F 3-2: Base on Balls
|
Batting: RHB Andy Solorzano
|
0-0: Foul Ball, location: 2F 0-1: Swinging Strike 0-2: Ball 1-2: Ball 2-2: Fielders Choice at 2nd, 1-4 (Groundball, 15S, EV 64.4 MPH)
|
Batting: SHB Blake Abbott
|
0-0: Ball 1-0: Foul Ball, location: 2F 1-1: Ground out 4-3 (Groundball, 4D, EV 83.8 MPH)
|
Top of the 4th over - 0 runs, 0 hits, 0 errors, 1 left on base; Tri-City 0 - Brooklyn 1 |
BOTTOM OF THE 4TH |
Brooklyn Cyclones batting - Pitching for Tri-City Dust Devils : RHP Roger Watkins
|
Batting: RHB Rich Cracchiolo
|
0-0: Ground out 5-3 (Groundball, 5, EV 88.8 MPH)
|
Batting: RHB Matt Tittle
|
0-0: Ball 1-0: Ground out 5-3 (Groundball, 5, EV 105.6 MPH)
|
Batting: RHB Victor Reyes
|
0-0: Foul Ball, location: 2F 0-1: Swinging Strike 0-2: Ball 1-2: Strikes out swinging
|
Bottom of the 4th over - 0 runs, 0 hits, 0 errors, 0 left on base; Tri-City 0 - Brooklyn 1 |
TOP OF THE 5TH |
Tri-City Dust Devils batting - Pitching for Brooklyn Cyclones : RHP Antonio Reyes
|
Batting: LHB Paul Collins
|
0-0: Fly out, F8 (Flyball, 89D, EV 103.1 MPH)
|
Batting: LHB Ryan Anderson
|
0-0: Ball 1-0: Called Strike 1-1: Swinging Strike 1-2: Ball 2-2: Strikes out swinging
|
Batting: RHB Pleun Smit
|
0-0: Called Strike 0-1: Swinging Strike 0-2: SOLO HOME RUN (Flyball, 89XD, EV 102.5 MPH), Distance : 419 ft
|
Batting: SHB Cesar Arteaga
|
0-0: Fly out, F9 (Flyball, 9, EV 88.1 MPH)
|
Top of the 5th over - 1 run, 1 hit, 0 errors, 0 left on base; Tri-City 1 - Brooklyn 1 |
BOTTOM OF THE 5TH |
Brooklyn Cyclones batting - Pitching for Tri-City Dust Devils : RHP Roger Watkins
|
Batting: SHB Salvador Gomez
|
0-0: Ball 1-0: Ground out 5-3 (Groundball, 5, EV 84.4 MPH)
|
Batting: RHB Chris Pynn
|
0-0: Swinging Strike 0-1: Ball 1-1: Foul Ball, location: 2F 1-2: Strikes out swinging
|
Batting: RHB Tom Primmer
|
0-0: Ball 1-0: Swinging Strike 1-1: Ball 2-1: Ball 3-1: Foul Ball, location: 2F 3-2: Base on Balls
|
Batting: SHB Callum Lynch
|
0-0: Ball 1-0: Ball 2-0: Ball 3-0: Called Strike 3-1: Swinging Strike 3-2: Base on Balls Tom Primmer to second
|
Batting: LHB Elmo Dreier
|
0-0: Fly out, F7 (Flyball, 7, EV 90.6 MPH)
|
Bottom of the 5th over - 0 runs, 0 hits, 0 errors, 2 left on base; Tri-City 1 - Brooklyn 1 |
TOP OF THE 6TH |
Tri-City Dust Devils batting - Pitching for Brooklyn Cyclones : RHP Antonio Reyes
|
DELAY
|
Rain delay of 34 minutes in the 6th inning.
|
Pitching: RHP Ethan Massey
|
|
Batting: RHB Hector Fernandez
|
0-0: Ball 1-0: Ball 2-0: Ball 3-0: Called Strike 3-1: Foul Ball, location: 2F 3-2: Foul Ball, location: 2F 3-2: Base on Balls
|
Batting: LHB Justin Rankin
|
0-0: Foul Ball, location: 2F 0-1: Ball 1-1: Swinging Strike 1-2: Foul Ball, location: 2F 1-2: Ball Wild Pitch! Hector Fernandez to second 2-2: Foul Ball, location: 2F 2-2: Foul Ball, location: 2F 2-2: Ball 3-2: Intentional Walk
|
Batting: RHB Deshawn Boseman
|
0-0: Foul Ball, location: 2F 0-1: Grounds into double play, 6-4-3 (Groundball, 6, EV 83.1 MPH) Hector Fernandez to third
|
Batting: RHB Andy Solorzano
|
0-0: Ground out U3 (Groundball, 13, EV 86.2 MPH)
|
Top of the 6th over - 0 runs, 0 hits, 0 errors, 1 left on base; Tri-City 1 - Brooklyn 1 |
BOTTOM OF THE 6TH |
Brooklyn Cyclones batting - Pitching for Tri-City Dust Devils : RHP Roger Watkins
|
Batting: RHB Bill Crogan
|
0-0: Ball 1-0: Swinging Strike 1-1: Ball 2-1: Foul Ball, location: 2F 2-2: Foul Ball, location: 2F 2-2: Ball 3-2: Foul Ball, location: 2F 3-2: Foul Ball, location: 2F 3-2: Fly out, F8 (Flyball, 8LD, EV 103.8 MPH)
|
Batting: RHB Rich Cracchiolo
|
0-0: Ball 1-0: Foul Ball, location: 2F 1-1: Called Strike 1-2: Foul Ball, location: 2F 1-2: Foul Ball, location: 2F 1-2: Ground out 1-3 (Groundball, 15S, EV 65.6 MPH)
|
Batting: RHB Matt Tittle
|
0-0: Called Strike 0-1: Ball 1-1: Swinging Strike 1-2: Foul Ball, location: 2F 1-2: Strikes out swinging
|
Bottom of the 6th over - 0 runs, 0 hits, 0 errors, 0 left on base; Tri-City 1 - Brooklyn 1 |
TOP OF THE 7TH |
Tri-City Dust Devils batting - Pitching for Brooklyn Cyclones : RHP Ethan Massey
|
Batting: SHB Blake Abbott
|
0-0: Ball 1-0: Swinging Strike 1-1: Foul Ball, location: 2F 1-2: Ground out U3 (Groundball, 3S, EV 71.9 MPH)
|
Batting: LHB Paul Collins
|
0-0: Swinging Strike 0-1: Ball 1-1: Foul Ball, location: 2F 1-2: Foul Ball, location: 2F 1-2: Ball 2-2: Strikes out swinging
|
Batting: LHB Ryan Anderson
|
0-0: Ball 1-0: Foul Ball, location: 2F 1-1: Ball 2-1: Ground out 4-3 (Groundball, 4S, EV 86.9 MPH)
|
Top of the 7th over - 0 runs, 0 hits, 0 errors, 0 left on base; Tri-City 1 - Brooklyn 1 |
BOTTOM OF THE 7TH |
Brooklyn Cyclones batting - Pitching for Tri-City Dust Devils : RHP Roger Watkins
|
Pitching: RHP Chris Haselhorst
|
|
Batting: RHB Victor Reyes
|
0-0: Called Strike 0-1: Ball 1-1: Foul Ball, location: 2F 1-2: Reached on error, E4 (Groundball, P, EV 81.2 MPH)
|
Batting: SHB Salvador Gomez
|
0-0: Ball 1-0: Bunt missed! 1-1: Ball 2-1: Bunted foul 2-2: Strikes out swinging
|
Batting: RHB Chris Pynn
|
0-0: Foul Ball, location: 2F 0-1: Swinging Strike 0-2: Strikes out swinging Victor Reyes steals 2nd base Batter strikes out.
|
Pinch Hitting: LHB Matt Baker
|
0-0: Called Strike 0-1: Called Strike 0-2: Ball 1-2: Ball 2-2: Strikes out swinging
|
Bottom of the 7th over - 0 runs, 0 hits, 1 error, 1 left on base; Tri-City 1 - Brooklyn 1 |
TOP OF THE 8TH |
Tri-City Dust Devils batting - Pitching for Brooklyn Cyclones : RHP Ethan Massey
|
Now in LF: Rich Cracchiolo
|
|
Now in CF: Matt Baker
|
|
Batting: RHB Pleun Smit
|
0-0: Called Strike 0-1: Called Strike 0-2: Ball 1-2: Foul Ball, location: 2F 1-2: SINGLE (Line Drive, 7S, EV 103.1 MPH)
|
Batting: SHB Cesar Arteaga
|
0-0: Foul Ball, location: 2F 0-1: Foul Ball, location: 2F 0-2: Reached on error, E4 (Groundball, 4M, EV 111.2 MPH) Pleun Smit to second
|
Batting: RHB Hector Fernandez
|
0-0: Bunt missed! 0-1: Ball 1-1: Bunt missed! 1-2: Ball 2-2: Grounds into double play, 1-4-3 (Groundball, P, EV 71.9 MPH) Pleun Smit to third
|
Batting: LHB Justin Rankin
|
0-0: Intentional Walk
|
Pitching: LHP Mike Mathews
|
|
Batting: RHB Deshawn Boseman
|
0-0: Fly out, F6 (Line Drive, 6MD, EV 62.5 MPH)
|
Top of the 8th over - 0 runs, 1 hit, 1 error, 2 left on base; Tri-City 1 - Brooklyn 1 |
BOTTOM OF THE 8TH |
Brooklyn Cyclones batting - Pitching for Tri-City Dust Devils : RHP Chris Haselhorst
|
Batting: SHB Callum Lynch
|
0-0: Swinging Strike 0-1: Foul Ball, location: 2F 0-2: Ball 1-2: Strikes out swinging
|
Batting: LHB Elmo Dreier
|
0-0: Swinging Strike 0-1: Called Strike 0-2: Ball 1-2: Ground out 6-3 (Groundball, 6, EV 78.8 MPH)
|
Batting: RHB Bill Crogan
|
0-0: Swinging Strike 0-1: Swinging Strike 0-2: Strikes out looking
|
Bottom of the 8th over - 0 runs, 0 hits, 0 errors, 0 left on base; Tri-City 1 - Brooklyn 1 |
TOP OF THE 9TH |
Tri-City Dust Devils batting - Pitching for Brooklyn Cyclones : LHP Mike Mathews
|
Batting: RHB Andy Solorzano
|
0-0: Called Strike 0-1: Foul Ball, location: 2F 0-2: Fly out, F2 (Popup, 23F, EV 93.8 MPH)
|
Batting: SHB Blake Abbott
|
0-0: Ball 1-0: DOUBLE (Line Drive, 7LM, EV 92.5 MPH)
|
Pinch Hitting: RHB Drew Duncan
|
0-0: Intentional Walk
|
Pinch Hitting: RHB Pete Deschamps
|
0-0: Ball 1-0: Ball 2-0: Called Strike 2-1: Foul Ball, location: 2F 2-2: Grounds into double play, 6-4-3 (Groundball, 6, EV 95.0 MPH)
|
Top of the 9th over - 0 runs, 1 hit, 0 errors, 1 left on base; Tri-City 1 - Brooklyn 1 |
BOTTOM OF THE 9TH |
Brooklyn Cyclones batting - Pitching for Tri-City Dust Devils : RHP Chris Haselhorst
|
Pitching: RHP Jarrod Kenny
|
|
Now at C: Pete Deschamps
|
|
Now in CF: Victor Contreras
|
|
Batting: RHB Rich Cracchiolo
|
0-0: Ball 1-0: Ball 2-0: Called Strike 2-1: Called Strike 2-2: Ball 3-2: Ground out 4-3 (Groundball, 4, EV 81.9 MPH)
|
Batting: RHB Matt Tittle
|
0-0: Ball 1-0: Ball 2-0: Foul Ball, location: 2F 2-1: Foul Ball, location: 2F 2-2: Strikes out swinging
|
Batting: RHB Victor Reyes
|
0-0: Swinging Strike 0-1: Foul Ball, location: 2F 0-2: Ball 1-2: Ball 2-2: Strikes out looking
|
Bottom of the 9th over - 0 runs, 0 hits, 0 errors, 0 left on base; Tri-City 1 - Brooklyn 1 |
TOP OF THE 10TH |
Tri-City Dust Devils batting - Pitching for Brooklyn Cyclones : LHP Mike Mathews
|
Batting: RHB Pleun Smit
|
0-0: Ball 1-0: Swinging Strike 1-1: SINGLE (Groundball, 6MD, EV 108.8 MPH)
|
Batting: SHB Cesar Arteaga
|
0-0: Fielders Choice at 2nd, 6-4 (Groundball, 6M, EV 103.1 MPH)
|
Batting: RHB Hector Fernandez
|
0-0: Called Strike Cesar Arteaga steals 2nd base 0-1: Swinging Strike 0-2: Ball Wild Pitch! Cesar Arteaga to third 1-2: Ground out 6-3 (Groundball, 6MS, EV 63.1 MPH)
|
Pinch Hitting: RHB Yuusei Narita
|
0-0: Ball 1-0: Called Strike 1-1: Swinging Strike 1-2: Ground out U3 (Groundball, 3, EV 81.2 MPH)
|
Top of the 10th over - 0 runs, 1 hit, 0 errors, 1 left on base; Tri-City 1 - Brooklyn 1 |
BOTTOM OF THE 10TH |
Brooklyn Cyclones batting - Pitching for Tri-City Dust Devils : RHP Jarrod Kenny
|
Now in RF: Sean Hill
|
|
Batting: SHB Salvador Gomez
|
0-0: Foul Ball, location: 2F 0-1: Ball 1-1: Swinging Strike 1-2: Strikes out swinging
|
Batting: RHB Chris Pynn
|
0-0: Called Strike 0-1: Called Strike 0-2: Ball 1-2: Ground out 6-3 (Groundball, 6, EV 81.9 MPH)
|
Batting: LHB Matt Baker
|
0-0: Called Strike 0-1: Foul Ball, location: 2F 0-2: Strikes out swinging
|
Bottom of the 10th over - 0 runs, 0 hits, 0 errors, 0 left on base; Tri-City 1 - Brooklyn 1 |
TOP OF THE 11TH |
Tri-City Dust Devils batting - Pitching for Brooklyn Cyclones : LHP Mike Mathews
|
Batting: RHB Deshawn Boseman
|
0-0: Called Strike 0-1: Foul Ball, location: 2F 0-2: Foul Ball, location: 2F 0-2: Ball 1-2: Foul Ball, location: 2F 1-2: Ground out 6-3 (Groundball, 6M, EV 85.6 MPH)
|
Batting: RHB Andy Solorzano
|
0-0: Called Strike 0-1: Ball 1-1: Called Strike 1-2: Ball 2-2: Strikes out looking
|
Pitching: RHP Jason Horvath
|
|
Batting: SHB Blake Abbott
|
0-0: Fly out, F8 (Flyball, 89D, EV 108.1 MPH)
|
Top of the 11th over - 0 runs, 0 hits, 0 errors, 0 left on base; Tri-City 1 - Brooklyn 1 |
BOTTOM OF THE 11TH |
Brooklyn Cyclones batting - Pitching for Tri-City Dust Devils : RHP Jarrod Kenny
|
Batting: SHB Callum Lynch
|
0-0: Ball 1-0: Swinging Strike 1-1: Called Strike 1-2: Foul Ball, location: 2F 1-2: Foul Ball, location: 2F 1-2: SINGLE (Groundball, 34D, EV 101.2 MPH)
|
Batting: LHB Elmo Dreier
|
0-0: Sac Bunt to 2L - play at first, batter OUT! 2-3 Callum Lynch to second
|
Pitching: RHP Jake Gregor
|
|
Batting: RHB Bill Crogan
|
0-0: Ball 1-0: Foul Ball, location: 2F 1-1: Called Strike Callum Lynch steals 3rd base 1-2: Ball 2-2: Ball 3-2: Fielders Choice at home, 5-2 (Groundball, 56S, EV 80.0 MPH)
|
Batting: RHB Rich Cracchiolo
|
0-0: Ball 1-0: Swinging Strike 1-1: Ball 2-1: Fly out, F8 (Flyball, 8RS, EV 71.2 MPH)
|
Bottom of the 11th over - 0 runs, 1 hit, 0 errors, 1 left on base; Tri-City 1 - Brooklyn 1 |
TOP OF THE 12TH |
Tri-City Dust Devils batting - Pitching for Brooklyn Cyclones : RHP Jason Horvath
|
Batting: RHB Victor Contreras
|
0-0: Ball 1-0: Ground out 6-3 (Groundball, 6, EV 103.1 MPH)
|
Pinch Hitting: SHB Jared Boyce
|
0-0: Swinging Strike 0-1: Called Strike 0-2: Ball 1-2: Ball 2-2: Strikes out looking
|
Batting: RHB Pleun Smit
|
0-0: Called Strike 0-1: Foul Ball, location: 2F 0-2: Strikes out swinging
|
Top of the 12th over - 0 runs, 0 hits, 0 errors, 0 left on base; Tri-City 1 - Brooklyn 1 |
BOTTOM OF THE 12TH |
Brooklyn Cyclones batting - Pitching for Tri-City Dust Devils : RHP Jake Gregor
|
Now at C: Jared Boyce
|
|
Batting: RHB Matt Tittle
|
0-0: Called Strike 0-1: Ground out 6-3 (Groundball, 6S, EV 83.8 MPH)
|
Batting: RHB Victor Reyes
|
0-0: Called Strike 0-1: Swinging Strike 0-2: Strikes out looking
|
Batting: SHB Salvador Gomez
|
0-0: Ball 1-0: Swinging Strike 1-1: Foul Ball, location: 2F 1-2: SINGLE (Flyball, 6MD, EV 88.1 MPH)
|
Batting: RHB Chris Pynn
|
0-0: Called Strike 0-1: Called Strike 0-2: Strikes out looking
|
Bottom of the 12th over - 0 runs, 1 hit, 0 errors, 1 left on base; Tri-City 1 - Brooklyn 1 |
TOP OF THE 13TH |
Tri-City Dust Devils batting - Pitching for Brooklyn Cyclones : RHP Jason Horvath
|
Batting: SHB Cesar Arteaga
|
0-0: Ball 1-0: Foul Ball, location: 2F 1-1: Foul Ball, location: 2F 1-2: DOUBLE (Groundball, 3L, EV 100.0 MPH)
|
Batting: RHB Hector Fernandez
|
0-0: Intentional Walk
|
Batting: SHB Sean Hill
|
0-0: Ball 1-0: Called Strike 1-1: Ball 2-1: Ground out 6-3 (Groundball, P, EV 81.2 MPH) Cesar Arteaga to third Hector Fernandez to second
|
Batting: RHB Deshawn Boseman
|
0-0: Called Strike 0-1: SINGLE (Groundball, 6MD, EV 105.0 MPH) Cesar Arteaga scores Hector Fernandez to third Runner from 3rd tries for Home, SAFE, throw by CF to home
|
Batting: RHB Andy Solorzano
|
0-0: Ball Deshawn Boseman is caught stealing 2nd base 2-4 1-0: Foul Ball, location: 2F 1-1: Ball 2-1: Foul Ball, location: 2F 2-2: Strikes out swinging
|
Top of the 13th over - 2 runs, 2 hits, 0 errors, 0 left on base; Tri-City 3 - Brooklyn 1 |
BOTTOM OF THE 13TH |
Brooklyn Cyclones batting - Pitching for Tri-City Dust Devils : RHP Jake Gregor
|
Batting: LHB Matt Baker
|
0-0: Called Strike 0-1: Fly out, F9 (Flyball, 9, EV 80.0 MPH)
|
Batting: SHB Callum Lynch
|
0-0: Called Strike 0-1: SINGLE (Groundball, 6S, EV 64.4 MPH) (infield hit)
|
Batting: LHB Elmo Dreier
|
0-0: Ball 1-0: Fielders Choice at 2nd, 5-4 (Groundball, 56, EV 95.6 MPH)
|
Batting: RHB Bill Crogan
|
0-0: Ball 1-0: Swinging Strike 1-1: 2-RUN HOME RUN (Flyball, 7D, EV 101.2 MPH), Distance : 387 ft
|
Batting: RHB Rich Cracchiolo
|
0-0: Foul Ball, location: 2F 0-1: Called Strike 0-2: Ball 1-2: Strikes out looking
|
Bottom of the 13th over - 2 runs, 2 hits, 0 errors, 0 left on base; Tri-City 3 - Brooklyn 3 |
TOP OF THE 14TH |
Tri-City Dust Devils batting - Pitching for Brooklyn Cyclones : RHP Jason Horvath
|
Batting: SHB Blake Abbott
|
0-0: Hit by Pitch
|
Batting: RHB Victor Contreras
|
0-0: Bunted foul 0-1: Ball 1-1: Ball 2-1: Sac Bunt to 3S - play at first, batter OUT! 3-1 Blake Abbott to second
|
Batting: SHB Jared Boyce
|
0-0: Intentional Walk
|
Batting: RHB Pleun Smit
|
0-0: Swinging Strike 0-1: Ball 1-1: Called Strike 1-2: Foul Ball, location: 2F 1-2: Ball 2-2: Ball 3-2: Strikes out swinging
|
Pitching: RHP Ari Kuusinen
|
|
Batting: SHB Cesar Arteaga
|
0-0: Foul Ball, location: 2F 0-1: Swinging Strike 0-2: Strikes out swinging
|
Top of the 14th over - 0 runs, 0 hits, 0 errors, 2 left on base; Tri-City 3 - Brooklyn 3 |
BOTTOM OF THE 14TH |
Brooklyn Cyclones batting - Pitching for Tri-City Dust Devils : RHP Jake Gregor
|
Batting: RHB Matt Tittle
|
0-0: Called Strike 0-1: Ball 1-1: Foul Ball, location: 2F 1-2: Ground out 6-3 (Groundball, 6, EV 92.5 MPH)
|
Batting: RHB Victor Reyes
|
0-0: Foul Ball, location: 2F 0-1: Foul Ball, location: 2F 0-2: Ball 1-2: Ball 2-2: Strikes out swinging
|
Batting: SHB Salvador Gomez
|
0-0: Ball 1-0: Ball 2-0: Fly out, F9 (Flyball, 9LSF, EV 92.5 MPH)
|
Bottom of the 14th over - 0 runs, 0 hits, 0 errors, 0 left on base; Tri-City 3 - Brooklyn 3 |
TOP OF THE 15TH |
Tri-City Dust Devils batting - Pitching for Brooklyn Cyclones : RHP Ari Kuusinen
|
Batting: RHB Hector Fernandez
|
0-0: Called Strike 0-1: Called Strike 0-2: DOUBLE (Line Drive, 78D, EV 106.2 MPH)
|
Batting: SHB Sean Hill
|
0-0: Called Strike 0-1: Called Strike 0-2: Strikes out looking
|
Batting: RHB Deshawn Boseman
|
0-0: Ball 1-0: Ground out U3 (Groundball, 34, EV 86.2 MPH) Hector Fernandez to third
|
Batting: RHB Andy Solorzano
|
0-0: Called Strike 0-1: Foul Ball, location: 2F 0-2: Ball 1-2: Ball 2-2: Strikes out swinging
|
Top of the 15th over - 0 runs, 1 hit, 0 errors, 1 left on base; Tri-City 3 - Brooklyn 3 |
BOTTOM OF THE 15TH |
Brooklyn Cyclones batting - Pitching for Tri-City Dust Devils : RHP Jake Gregor
|
Pitching: LHP Paul Fuller
|
|
Batting: RHB Chris Pynn
|
0-0: Swinging Strike 0-1: Foul Ball, location: 2F 0-2: Ball 1-2: Foul Ball, location: 2F 1-2: Foul Ball, location: 2F 1-2: Strikes out swinging
|
Pinch Hitting: RHB Jack Nickleberry
|
0-0: Called Strike 0-1: Ball 1-1: Ball 2-1: DOUBLE (Flyball, 8LD, EV 88.8 MPH)
|
Batting: SHB Callum Lynch
|
0-0: Intentional Walk
|
Batting: LHB Elmo Dreier
|
0-0: Ball 1-0: Fielders Choice at 2nd, 1-6 (Groundball, 13S, EV 70.0 MPH) Jack Nickleberry to third
|
Batting: RHB Bill Crogan
|
0-0: Called Strike Elmo Dreier steals 2nd base (no throw) 0-1: Foul Ball, location: 2F 0-2: Ball 1-2: Ball 2-2: Fly out, F9 (Flyball, 9, EV 88.8 MPH)
|
Bottom of the 15th over - 0 runs, 1 hit, 0 errors, 2 left on base; Tri-City 3 - Brooklyn 3 |
TOP OF THE 16TH |
Tri-City Dust Devils batting - Pitching for Brooklyn Cyclones : RHP Ari Kuusinen
|
Now at 3B: Jack Nickleberry
|
|
Now in CF: Callum Lynch
|
|
Batting: SHB Blake Abbott
|
0-0: Fly out, F4 (Popup, 4, EV 57.5 MPH)
|
Batting: RHB Victor Contreras
|
0-0: Ball 1-0: Called Strike 1-1: Ball 2-1: Foul Ball, location: 2F 2-2: Ball 3-2: Base on Balls
|
Batting: SHB Jared Boyce
|
0-0: Ball 1-0: Fly out, F7 (Flyball, 78S, EV 88.8 MPH) Lined into DP, 7-3 (Flyball, 78S, EV 88.8 MPH)
|
Top of the 16th over - 0 runs, 0 hits, 0 errors, 0 left on base; Tri-City 3 - Brooklyn 3 |
BOTTOM OF THE 16TH |
Brooklyn Cyclones batting - Pitching for Tri-City Dust Devils : LHP Paul Fuller
|
Batting: RHB Rich Cracchiolo
|
0-0: Ball 1-0: Foul Ball, location: 2F 1-1: Ball 2-1: Foul Ball, location: 2F 2-2: Strikes out looking
|
Batting: RHB Matt Tittle
|
0-0: Swinging Strike 0-1: Fly out, F6 (Line Drive, 6D, EV 65.0 MPH)
|
Batting: RHB Victor Reyes
|
0-0: Foul Ball, location: 2F 0-1: Ball 1-1: Swinging Strike 1-2: Strikes out swinging
|
Bottom of the 16th over - 0 runs, 0 hits, 0 errors, 0 left on base; Tri-City 3 - Brooklyn 3 |
TOP OF THE 17TH |
Tri-City Dust Devils batting - Pitching for Brooklyn Cyclones : RHP Ari Kuusinen
|
Pitching: RHP Jeremy Delka
|
|
Batting: RHB Pleun Smit
|
0-0: Ground out 6-3 (Groundball, 6D, EV 102.5 MPH)
|
Batting: SHB Cesar Arteaga
|
0-0: Ball 1-0: Ball 2-0: Called Strike 2-1: Ball 3-1: Ground out 6-3 (Groundball, 6S, EV 62.5 MPH)
|
Batting: RHB Hector Fernandez
|
0-0: Ball 1-0: Foul Ball, location: 2F 1-1: Ball 2-1: Ball 3-1: Base on Balls
|
Batting: SHB Sean Hill
|
0-0: Called Strike 0-1: Ball Hector Fernandez steals 2nd base 1-1: Swinging Strike 1-2: Strikes out swinging
|
Top of the 17th over - 0 runs, 0 hits, 0 errors, 1 left on base; Tri-City 3 - Brooklyn 3 |
BOTTOM OF THE 17TH |
Brooklyn Cyclones batting - Pitching for Tri-City Dust Devils : LHP Paul Fuller
|
Pitching: LHP Matt Allert
|
|
Batting: SHB Salvador Gomez
|
0-0: Ground out 6-3 (Groundball, 6, EV 85.0 MPH)
|
Batting: RHB Chris Pynn
|
0-0: Ball 1-0: Called Strike 1-1: Foul Ball, location: 2F 1-2: Hit by Pitch
|
Batting: RHB Jack Nickleberry
|
0-0: Ball 1-0: Ball 2-0: Called Strike 2-1: Fly out, F6 (Popup, 6MD, EV 71.9 MPH)
|
Batting: SHB Callum Lynch
|
0-0: Ball 1-0: Called Strike 1-1: Ball 2-1: Fielders Choice at 2nd, 6-4 (Groundball, 6, EV 85.6 MPH)
|
Bottom of the 17th over - 0 runs, 0 hits, 0 errors, 1 left on base; Tri-City 3 - Brooklyn 3 |
TOP OF THE 18TH |
Tri-City Dust Devils batting - Pitching for Brooklyn Cyclones : RHP Jeremy Delka
|
Batting: RHB Deshawn Boseman
|
0-0: Foul Ball, location: 2F 0-1: Ball 1-1: Ball 2-1: Ball 3-1: Fly out, F7 (Flyball, 7, EV 96.9 MPH)
|
Batting: RHB Andy Solorzano
|
0-0: Fly out, F8 (Flyball, 8RD, EV 102.5 MPH)
|
Batting: SHB Blake Abbott
|
0-0: Ball 1-0: Called Strike 1-1: Ball 2-1: Ball 3-1: Base on Balls
|
Pitching: RHP Jason Jones
|
|
Batting: RHB Victor Contreras
|
0-0: Fly out, F3 (Popup, 3SF, EV 75.0 MPH)
|
Top of the 18th over - 0 runs, 0 hits, 0 errors, 1 left on base; Tri-City 3 - Brooklyn 3 |
BOTTOM OF THE 18TH |
Brooklyn Cyclones batting - Pitching for Tri-City Dust Devils : LHP Matt Allert
|
Batting: LHB Elmo Dreier
|
0-0: Ground out 6-3 (Groundball, 6, EV 101.2 MPH)
|
Batting: RHB Bill Crogan
|
0-0: Ball 1-0: Ball 2-0: Fly out, F9 (Line Drive, 9D, EV 93.1 MPH)
|
Batting: RHB Rich Cracchiolo
|
0-0: Ground out 6-3 (Groundball, 6, EV 80.6 MPH)
|
Bottom of the 18th over - 0 runs, 0 hits, 0 errors, 0 left on base; Tri-City 3 - Brooklyn 3 |
TOP OF THE 19TH |
Tri-City Dust Devils batting - Pitching for Brooklyn Cyclones : RHP Jason Jones
|
Batting: SHB Jared Boyce
|
0-0: Ball 1-0: Foul Ball, location: 2F 1-1: Called Strike 1-2: Strikes out swinging
|
Batting: RHB Pleun Smit
|
0-0: Foul Ball, location: 2F 0-1: Ball 1-1: Swinging Strike 1-2: Ball 2-2: Strikes out swinging, 2-3 out at first.
|
Batting: SHB Cesar Arteaga
|
0-0: Ball 1-0: Foul Ball, location: 2F 1-1: Ball 2-1: Ball 3-1: Called Strike 3-2: Base on Balls
|
Batting: RHB Hector Fernandez
|
0-0: Ball 1-0: Foul Ball, location: 2F 1-1: Foul Ball, location: 2F 1-2: Foul Ball, location: 2F 1-2: Ball 2-2: Ball 3-2: Fly out, F8 (Flyball, 8RXD, EV 107.5 MPH)
|
Top of the 19th over - 0 runs, 0 hits, 0 errors, 1 left on base; Tri-City 3 - Brooklyn 3 |
BOTTOM OF THE 19TH |
Brooklyn Cyclones batting - Pitching for Tri-City Dust Devils : LHP Matt Allert
|
Batting: RHB Matt Tittle
|
0-0: DOUBLE (Line Drive, 78D, EV 103.1 MPH)
|
Batting: RHB Victor Reyes
|
0-0: Foul Ball, location: 2F 0-1: Ball 1-1: Ball Wild Pitch! Matt Tittle to third 2-1: Swinging Strike 2-2: Fly out, F3 (Popup, 3F, EV 83.8 MPH)
|
Batting: SHB Salvador Gomez
|
0-0: Fielders Choice at home, 3-2 (Groundball, 34, EV 105.0 MPH)
|
Batting: RHB Chris Pynn
|
0-0: Ball 1-0: Called Strike 1-1: Called Strike 1-2: Foul Ball, location: 2F 1-2: Foul Ball, location: 2F 1-2: Strikes out looking
|
Bottom of the 19th over - 0 runs, 1 hit, 0 errors, 1 left on base; Tri-City 3 - Brooklyn 3 |
TOP OF THE 20TH |
Tri-City Dust Devils batting - Pitching for Brooklyn Cyclones : RHP Jason Jones
|
Batting: SHB Sean Hill
|
0-0: Swinging Strike 0-1: Foul Ball, location: 2F 0-2: Foul Ball, location: 2F 0-2: SOLO HOME RUN (Flyball, 9D, EV 98.1 MPH), Distance : 368 ft
|
Batting: RHB Deshawn Boseman
|
0-0: Ground out 6-3 (Groundball, 6, EV 83.8 MPH)
|
Batting: RHB Andy Solorzano
|
0-0: Ball 1-0: Foul Ball, location: 2F 1-1: Called Strike 1-2: Ball 2-2: Ball 3-2: Ground out 4-3 (Groundball, 4, EV 88.1 MPH)
|
Batting: SHB Blake Abbott
|
0-0: Called Strike 0-1: Foul Ball, location: 2F 0-2: SINGLE (Groundball, 6D, EV 105.0 MPH)
|
Batting: RHB Victor Contreras
|
0-0: Foul Ball, location: 2F 0-1: Ball 1-1: Called Strike 1-2: Foul Ball, location: 2F 1-2: Strikes out swinging
|
Top of the 20th over - 1 run, 2 hits, 0 errors, 1 left on base; Tri-City 4 - Brooklyn 3 |
BOTTOM OF THE 20TH |
Brooklyn Cyclones batting - Pitching for Tri-City Dust Devils : LHP Matt Allert
|
Batting: RHB Jack Nickleberry
|
0-0: Called Strike 0-1: Ball 1-1: Ball 2-1: Fly out, F9 (Line Drive, 9S, EV 97.5 MPH)
|
Batting: SHB Callum Lynch
|
0-0: Ball 1-0: Ground out 5-3 (Groundball, 56, EV 93.8 MPH)
|
Batting: LHB Elmo Dreier
|
0-0: Called Strike 0-1: Ground out 2-3 (Groundball, 13S, EV 72.5 MPH)
|
Bottom of the 20th over - 0 runs, 0 hits, 0 errors, 0 left on base; Tri-City 4 - Brooklyn 3 |
|